[Event "LTU-chT 2019"]
[Site "Lithuania"]
[Date "2019.03.30"]
[Round "4.9"]
[White "Sotsky, Alexander"]
[Black "Solys, Laimutis"]
[Result "1/2-1/2"]
[ECO "A45"]
[WhiteElo "2327"]
[BlackElo "2338"]
[Annotator "NA"]
[PlyCount "63"]
[EventDate "2019.01.26"]
[EventType "team-tourn"]
[EventCountry "LTU"]
[SourceTitle "playchess.com"]
[Source "ChessBase"]
[SourceQuality "1"]
[TimeControl "40/5400+30:1800+30"]

1. d4 Nf6 2. Bg5 Ne4 3. Bf4 c5 4. f3 Qa5+ 5. c3 Nf6 6. dxc5 {[%emt 0:10:00] A45: Trompowsky Attack} (6. Nd2 cxd4 7. Nb3 Qb6 8. Qxd4 Nc6 9. Qxb6 axb6 10. Nd4 Ra5 11. b4 Ra4 12. e4 Nxd4 13. cxd4 e6 14. Bb5 Rxb4 15. a4 Rxd4 16. Ne2 Rb4 17. Kd2 Bc5 18. Kc2 {½-½ (40) Romanov,E (2619)-Svidler,P (2760) Sochi 2018}) 6... Qxc5 7. e4 d6 8. Nd2 Qc7 $146 ({Predecessor:} 8... Nc6 9. Nb3 Qb6 10. Qd2 e5 11. Be3 Qc7 12. Bb5 Be7 13. Ne2 O-O {1-0 (40) Reichel,J-Kyas,M (1942) playchess.com INT 2007}) 9. Qb3 Nc6 10. Bc4 e6 11. Nh3 Be7 12. Nf2 O-O 13. Be2 e5 14. Be3 Be6 15. c4 {[%emt 0:01:29] [#]} b5 $1 16. Qxb5 Rab8 17. Qa4 Rxb2 18. Nd3 Rb7 19. O-O Nd7 20. a3 Nc5 21. Qc2 f5 22. Nxc5 dxc5 23. exf5 Bxf5 24. Bd3 Bxd3 25. Qxd3 Rd8 26. Qf5 Qd7 27. Qxd7 Rbxd7 28. Ne4 Na5 29. Bxc5 Nxc4 30. Rfc1 Na5 31. Bxe7 Rxe7 32. Rc2 $11 1/2-1/2

[Event "LTU-chT 2019"]
[Site "Lithuania"]
[Date "2019.03.30"]
[Round "4.10"]
[White "Miknevicius, Laurynas"]
[Black "Juksta, Karolis"]
[Result "1/2-1/2"]
[ECO "A40"]
[WhiteElo "2181"]
[BlackElo "2285"]
[Annotator "ChessBase"]
[PlyCount "66"]
[EventDate "2019.01.26"]
[EventType "team-tourn"]
[EventCountry "LTU"]
[SourceTitle "playchess.com"]
[Source "ChessBase"]
[SourceQuality "1"]
[TimeControl "40/5400+30:1800+30"]

1. d4 e6 2. Nf3 d5 3. c4 a6 4. Nc3 Nf6 5. cxd5 exd5 6. Bg5 Be6 7. e3 Nbd7 8. Be2 Bd6 9. O-O O-O 10. Rc1 c6 11. Qc2 Qc7 12. Bh4 h6 13. Bg3 Bxg3 14. hxg3 Ne8 15. Bd3 Nd6 16. Na4 Rfc8 17. Nd2 Qd8 18. Nb3 b6 19. Qe2 a5 20. Rc2 Nf6 21. Ba6 Rcb8 22. Rxc6 Nc4 23. Bxc4 dxc4 24. Rxe6 fxe6 25. Qxc4 Qd7 26. Nc3 Rc8 27. Qd3 Qc6 28. Nd2 Nd5 29. Nde4 Nxc3 30. bxc3 Qd5 31. Qc2 Qf5 32. f3 Rc6 33. Rb1 Rac8 1/2-1/2

[Event "LTU-chT 2019"]
[Site "Lithuania"]
[Date "2019.03.30"]
[Round "4.11"]
[White "Zilinskas, Vaidotas"]
[Black "Chocenka, Dmitrijus"]
[Result "0-1"]
[ECO "B21"]
[WhiteElo "2016"]
[BlackElo "2287"]
[Annotator "NA"]
[PlyCount "107"]
[EventDate "2019.01.26"]
[EventType "team-tourn"]
[EventCountry "LTU"]
[SourceTitle "playchess.com"]
[Source "ChessBase"]
[SourceQuality "1"]
[TimeControl "40/5400+30:1800+30"]

1. e4 c5 2. d4 cxd4 3. c3 d3 4. c4 d6 5. Bxd3 Nf6 6. Nc3 g6 {[%emt 0:00:08] B21: Sicilian: 2 f4 and Morra Gambit} 7. Be3 (7. h3 Bg7 8. Nf3 O-O 9. O-O Nc6 10. Be3 b6 11. Rc1 Bb7 12. b3 Nd7 13. Bb1 a6 14. Nd5 {0-1 (47) Sameir,R (2048)-Salem,A (2642) Sharjah 2018}) 7... Bg7 8. f3 O-O 9. Qd2 Nc6 10. Rd1 $146 ({Predecessor:} 10. h4 Ne5 11. g4 h5 12. Be2 Be6 13. Nd5 Bxd5 14. exd5 hxg4 {0-1 (30) Jeffrey,J (1839)-Scott,H (1923) New York 2015}) 10... Be6 11. Nge2 Nd7 12. O-O Nde5 13. b3 Nxd3 14. Qxd3 a6 15. Na4 b5 16. cxb5 Ne5 17. Qd2 axb5 18. Nac3 b4 19. Na4 Nc4 20. Qc1 Rxa4 21. bxa4 Bb2 22. Qb1 Nxe3 23. Qxb2 Nxf1 24. Kxf1 Qa5 25. Rd4 Rb8 26. Nf4 Qxa4 27. Nd5 (27. Nxe6 $17 {was necessary.} fxe6 28. Kf2) 27... Bxd5 $1 28. exd5 {[%emt 0:00:28] [#]} Qb5+ (28... Rc8 $1 $19 29. Rd2 Rc3) 29. Kf2 Qc5 30. Kg3 Rb5 31. h4 h5 32. Re4 Qc3 33. Qe2 Rxd5 34. Rxe7 Re5 35. Rxe5 dxe5 (35... Qxe5+ $19 36. Qxe5 dxe5) 36. Qe4 Kg7 37. Qd5 (37. Qb7 $17) 37... Qe1+ (37... Qd4 $19 38. Qc6 Qf4+ 39. Kh3 Qd2) 38. Kh3 Qe3 39. Qc6 ({White should play} 39. Qd6) 39... Qf4 40. Qd6 Qd4 41. Qe7 Qf4 (41... Qd5 $17) 42. Qd6 Kh7 43. Qe7 {[%emt 0:02:49] [#]} Qc4 $1 44. Qb7 Kg7 45. Qb8 Kf6 ({Black should try} 45... Qd4 $17 46. Qc7 Kf6) 46. Qd8+ Ke6 47. Qe8+ (47. Kg3) 47... Kd6 48. Qb8+ (48. Qd8+ $11) 48... Kd5 (48... Ke7 $17 49. Qb7+ Kf6) 49. Qb7+ Ke6 50. Qa8 Kf5 51. Qa7 Kf4 52. Qb6 $2 {[%emt 0:00:33] [#]} (52. Kh2 $17) 52... Qe6+ $1 53. Qxe6 $19 fxe6 54. Kh2 0-1

[Event "LTU-chT 2019"]
[Site "Lithuania"]
[Date "2019.03.30"]
[Round "4.12"]
[White "Limontas, Martynas"]
[Black "Tamosaitis, Rimas"]
[Result "1-0"]
[ECO "A48"]
[WhiteElo "2283"]
[BlackElo "2090"]
[Annotator "NA"]
[PlyCount "67"]
[EventDate "2019.01.26"]
[EventType "team-tourn"]
[EventCountry "LTU"]
[SourceTitle "playchess.com"]
[Source "ChessBase"]
[SourceQuality "1"]
[TimeControl "40/5400+30:1800+30"]

1. d4 Nf6 2. Nf3 g6 3. Bg5 Bg7 4. Nbd2 h6 5. Bh4 d6 6. e4 g5 7. Bg3 Nh5 8. c3 Nxg3 9. hxg3 c5 {[%emt 0:00:36] A48: 1 d4 Nf6 2 Nf3 g6: Torre, London and Colle Systems} 10. dxc5 dxc5 11. Qb3 (11. Bc4 Qb6 12. Rb1 Be6 13. O-O Nd7 14. Bd5 Bg4 15. Nc4 Qc7 16. Qb3 O-O-O 17. Na5 {1-0 (28) Carlsen,M (2850)-Guseinov,G (2634) Berlin 2015}) 11... Qb6 $146 ({Predecessor:} 11... Qc7 $11 {keeps the balance.} 12. Bb5+ Nd7 13. Nf1 a6 14. Bc4 e6 15. Ne3 Qc6 16. O-O-O {0-1 (51) Peev,K (1960)-Cossin,S (2499) Skopje 2017}) 12. Qa3 Be6 13. Bc4 Nd7 14. O-O-O a6 15. Rhe1 Bxc4 16. Nxc4 Qc7 17. e5 O-O 18. e6 fxe6 19. Rxe6 b5 20. Rxe7 Rad8 21. Qxa6 Rf6 22. Qxb5 Rc6 23. Rdxd7 Rxd7 24. Rxd7 Qxd7 25. Nce5 Bxe5 26. Nxe5 Qe6 27. Nxc6 Qe1+ 28. Kc2 Qxf2+ 29. Kb3 Qxg3 30. a4 Qxg2 31. a5 Kg7 32. a6 Qd5+ 33. c4 Qd1+ 34. Ka2 1-0

[Event "LTU-chT 2019"]
[Site "Lithuania"]
[Date "2019.03.30"]
[Round "4.13"]
[White "Bagvilas, Lukas"]
[Black "Mickevicius, Juras"]
[Result "0-1"]
[ECO "B25"]
[WhiteElo "1973"]
[BlackElo "2273"]
[Annotator "ChessBase"]
[PlyCount "70"]
[EventDate "2019.01.26"]
[EventType "team-tourn"]
[EventCountry "LTU"]
[SourceTitle "playchess.com"]
[Source "ChessBase"]
[SourceQuality "1"]
[TimeControl "40/5400+30:1800+30"]

1. e4 g6 2. Nc3 Bg7 3. g3 c5 4. Bg2 Nc6 5. d3 d6 6. f4 e6 7. Nf3 Nge7 8. O-O O-O 9. Ne2 Rb8 10. g4 Nd4 11. Ng3 Nxf3+ 12. Qxf3 f5 13. Kf2 fxg4 14. Qxg4 e5 15. f5 gxf5 16. exf5 Nxf5 17. Kg1 Ne3 18. Qh5 Rxf1+ 19. Nxf1 Bg4 20. Bd5+ Kh8 21. Qf7 Nxd5 22. Qxd5 Qf6 23. Ng3 Bf3 24. Qc4 b5 25. Qc3 Rf8 26. Be3 Qg6 27. Qd2 h5 28. Bg5 e4 29. dxe4 Bd4+ 30. Be3 Be5 31. Bg5 h4 32. Bxh4 Bd4+ 33. Kf1 Bxe4+ 34. Ke1 Bxc2 35. Rc1 Re8+ {[%emt 0:01:03] Ra1} 0-1

[Event "LTU-chT 2019"]
[Site "Lithuania"]
[Date "2019.03.30"]
[Round "4.14"]
[White "Zickus, Simonas"]
[Black "Sarauskas, Andrius"]
[Result "1-0"]
[ECO "E68"]
[WhiteElo "2330"]
[BlackElo "1703"]
[Annotator "ChessBase"]
[PlyCount "75"]
[EventDate "2019.01.26"]
[EventType "team-tourn"]
[EventCountry "LTU"]
[SourceTitle "playchess.com"]
[Source "ChessBase"]
[SourceQuality "1"]
[TimeControl "40/5400+30:1800+30"]

1. Nf3 Nf6 2. c4 g6 3. g3 Bg7 4. Bg2 O-O 5. O-O d6 6. d4 Nbd7 7. Nc3 e5 8. e4 Re8 9. h3 a6 10. Be3 exd4 11. Nxd4 Rb8 12. Qc2 Ne5 13. b3 c5 14. Nde2 b5 15. Rad1 Qc7 16. f4 Nc6 17. cxb5 axb5 18. Qd3 Rd8 19. Nxb5 Qb6 20. a4 Ba6 21. Nec3 Ne8 22. Rf2 Nc7 23. Bf1 Nd4 24. b4 Bxb5 25. axb5 Ra8 26. Qc4 Ra3 27. Rd3 Rb8 28. e5 Ncxb5 29. Nxb5 Rxd3 30. Bxd3 Qxb5 31. Qxb5 Nxb5 32. bxc5 dxe5 33. c6 Nc7 34. Bc4 Rb4 35. Ba2 e4 36. Rd2 Bf8 37. Rd7 Ne6 38. c7 1-0

[Event "LTU-chT 2019"]
[Site "Lithuania"]
[Date "2019.03.30"]
[Round "4.15"]
[White "Setikiene, Grazina"]
[Black "Viskelis, Darius"]
[Result "0-1"]
[ECO "D02"]
[WhiteElo "1862"]
[BlackElo "2242"]
[Annotator "NA"]
[PlyCount "62"]
[EventDate "2019.01.26"]
[EventType "team-tourn"]
[EventCountry "LTU"]
[SourceTitle "playchess.com"]
[Source "ChessBase"]
[SourceQuality "1"]
[TimeControl "40/5400+30:1800+30"]

1. d4 d5 2. Nf3 e6 3. Nc3 c5 4. e3 Nc6 5. Bb5 Bd7 6. O-O {[%emt 0:00:23] D00: 1 d4 d5: Unusual lines} Nf6 7. a3 a6 8. Bxc6 Bxc6 9. Ne5 Bd6 10. f4 $146 ({Predecessor:} 10. Nxc6 bxc6 11. dxc5 Bxc5 12. e4 Qb8 13. Re1 O-O 14. e5 Nd7 15. Na4 Ba7 16. Bf4 f6 17. Qg4 Rf7 18. exf6 Qb5 {0-1 (18) Lines,D-Koegeler,A (2165) ICCF email 2013}) 10... O-O 11. b3 Rc8 12. Nxc6 bxc6 13. Qd3 cxd4 14. exd4 c5 15. Kh1 cxd4 16. Ne2 Ng4 17. h3 Qh4 18. Kg1 Ne3 19. Bxe3 dxe3 20. b4 Rc4 21. Rf3 Rfc8 22. c3 Bxf4 23. Rxf4 Rxf4 24. g3 Qxh3 25. Nxf4 Qxg3+ 26. Ng2 {[%emt 0:00:10] [#]} Qf2+ $1 27. Kh1 Rc4 28. Rf1 Qd2 29. Qb1 $2 (29. Rd1 Qxc3 30. Kg1) 29... Rg4 30. Rg1 Rg5 31. Qd1 Rxg2 0-1

[Event "LTU-chT 2019"]
[Site "Lithuania"]
[Date "2019.03.30"]
[Round "4.16"]
[White "Indriunas, Matas"]
[Black "Labanauskas, Dovydas"]
[Result "1-0"]
[ECO "B01"]
[WhiteElo "1908"]
[BlackElo "1586"]
[Annotator "NA"]
[PlyCount "61"]
[EventDate "2019.01.26"]
[EventType "team-tourn"]
[EventCountry "LTU"]
[SourceTitle "playchess.com"]
[Source "ChessBase"]
[SourceQuality "1"]
[TimeControl "40/5400+30:1800+30"]

1. e4 d5 2. exd5 Nf6 3. d4 Nxd5 4. c4 Nb6 5. Nf3 g6 6. c5 Nd5 7. Bc4 Bg7 8. Qb3 e6 9. Nc3 Nxc3 10. bxc3 Nc6 11. O-O O-O 12. Bg5 Bf6 13. Bxf6 Qxf6 14. Bb5 Ne7 15. Ne5 Rd8 16. Rad1 a6 17. Bc4 Nd5 18. Rd3 Qe7 19. Re1 Bd7 20. Rf3 Be8 21. Nxf7 Bxf7 22. Bxd5 Re8 23. Rfe3 Qg5 24. Bxe6 Rxe6 25. Rxe6 Bxe6 26. Qxe6+ Kf8 27. f4 Qd8 28. f5 gxf5 29. Rf1 Qe7 30. Rxf5+ Ke8 31. Qg8+ 1-0

[Event "LTU-chT 2019"]
[Site "Lithuania"]
[Date "2019.03.30"]
[Round "4.17"]
[White "Vilkys, Benediktas"]
[Black "Maziukas, Kasparas"]
[Result "0-1"]
[ECO "A48"]
[WhiteElo "1492"]
[BlackElo "1931"]
[Annotator "NA"]
[PlyCount "176"]
[EventDate "2019.01.26"]
[EventType "team-tourn"]
[EventCountry "LTU"]
[SourceTitle "playchess.com"]
[Source "ChessBase"]
[SourceQuality "1"]
[TimeControl "40/5400+30:1800+30"]

1. d4 Nf6 2. Nf3 g6 3. Bf4 Bg7 4. e3 O-O 5. h3 d6 6. Be2 Nbd7 7. O-O b6 8. c4 Bb7 9. Nc3 c5 10. d5 {[%emt 0:02:06] E61: King's Indian: Early deviations for White, including Smyslov System} a6 11. Qd2 (11. a4 Qc7 12. e4 Rad8 13. Qd2 Bc8 14. Rfe1 Rfe8 15. Bf1 Nh5 16. Bh2 {½-½ (36) Karjakin,S (2783)-Nepomniachtchi,I (2751) chess.com INT 2017}) 11... b5 12. cxb5 axb5 13. Bxb5 Qb6 $146 ({Predecessor:} 13... Qa5 14. a4 Rfc8 15. e4 Ba6 16. Qc2 Bxb5 17. Nxb5 {½-½ (37) Lagowski,P (2320)-Skalski,M (2137) Bartkowa 2002}) 14. Bxd7 Nxd7 15. Rfe1 Ba6 16. e4 Rfb8 17. Rab1 Qc7 18. Bg5 Ne5 19. Nxe5 Bxe5 20. f4 Bd4+ 21. Kh1 f6 22. Bh4 Rb4 23. Bf2 Rab8 24. b3 Bxf2 25. Qxf2 c4 26. Qc2 cxb3 27. axb3 Rc8 28. Rec1 Qb6 29. Qb2 Bd3 30. Ra1 Rxb3 31. Qd2 Qd4 32. Ra4 {[%emt 0:04:59] [#]} Rc4 $1 33. Rxc4 Qxc4 34. Kh2 Bxe4 35. Nxe4 Qxe4 36. Re1 Rd3 37. Rxe4 Rxd2 38. Rxe7 Rxd5 39. Kg3 Rd4 40. Kf3 h5 41. Ke3 Rd1 42. Rd7 $11 Kf8 43. Ke2 Rd5 44. Ke3 h4 45. Rh7 g5 46. Ke4 Ra5 47. fxg5 Rxg5 48. Rd7 Rxg2 49. Rxd6 Ke7 50. Rd3 Ke6 51. Re3 Rf2 52. Rd3 f5+ 53. Ke3 Rf1 54. Rd4 Ke5 55. Rxh4 Ra1 56. Rh8 Ra3+ 57. Kf2 Ke4 58. h4 Ra2+ 59. Ke1 Ke3 60. Re8+ Kf3 61. h5 Rh2 62. Rh8 f4 63. h6 Rh1+ 64. Kd2 Kf2 65. h7 f3 66. Kd3 Rh4 67. Kd2 Rd4+ 68. Kc3 Rd7 69. Kc2 Rf7 70. Kd3 Kf1 71. Ke3 f2 72. Kd2 Rd7+ 73. Kc2 Re7 74. Kd2 Rg7 75. Kc3 Rb7 76. Kc2 Rc7+ 77. Kd2 Ra7 78. Kc3 Ra3+ 79. Kd4 Rh3 80. Kc5 Rh4 81. Kd5 Ke2 82. Re8+ Kd3 83. Rf8 Rh5+ 84. Kd6 Ke2 85. Re8+ Kd3 86. Rf8 Ke3 87. Re8+ Kd4 88. Rf8 Rh6+ 0-1

[Event "LTU-chT 2019"]
[Site "Lithuania"]
[Date "2019.03.30"]
[Round "4.18"]
[White "Likatavicius, Rapolas"]
[Black "Liandzbergas, Mykolas"]
[Result "1-0"]
[ECO "A40"]
[WhiteElo "1769"]
[BlackElo "1467"]
[Annotator "NA"]
[PlyCount "57"]
[EventDate "2019.01.26"]
[EventType "team-tourn"]
[EventCountry "LTU"]
[SourceTitle "playchess.com"]
[Source "ChessBase"]
[SourceQuality "1"]
[TimeControl "40/5400+30:1800+30"]

1. d4 e6 2. Nf3 f5 3. c4 c6 4. g3 Nf6 5. Bg2 d5 6. O-O Bd6 7. Nc3 O-O 8. Ne5 Bd7 9. Bf4 Be8 10. Qb3 Qc7 11. c5 Bxe5 12. Bxe5 Qc8 13. Bd6 Rf7 14. f3 g5 15. e4 Kg7 16. Qc2 Bd7 17. Rae1 Ne8 18. Be5+ Kg8 19. Qd2 h6 20. Re2 b6 21. b4 Na6 22. Na4 Qb7 23. h4 Ng7 24. hxg5 hxg5 25. a3 fxe4 26. fxe4 Rxf1+ 27. Bxf1 b5 28. Qxg5 Be8 29. Bh3 1-0

[Event "LTU-chT 2019"]
[Site "Lithuania"]
[Date "2019.03.30"]
[Round "4.19"]
[White "Norkeliunas, Matas"]
[Black "Zilakauskis, Steponas"]
[Result "0-1"]
[ECO "A00"]
[WhiteElo "1347"]
[BlackElo "1679"]
[Annotator "NA"]
[PlyCount "64"]
[EventDate "2019.01.26"]
[EventType "team-tourn"]
[EventCountry "LTU"]
[SourceTitle "playchess.com"]
[Source "ChessBase"]
[SourceQuality "1"]
[TimeControl "40/5400+30:1800+30"]

1. b4 e5 2. Bb2 e4 3. e3 Nf6 4. a3 d5 5. c4 Be6 6. Bxf6 Qxf6 7. Nc3 c6 8. cxd5 Bxd5 9. Nxd5 cxd5 10. Bb5+ Nc6 11. Ne2 a6 12. Bxc6+ Qxc6 13. Rc1 Qd7 14. Qc2 Bd6 15. Nc3 Rc8 16. Qd1 Be5 17. O-O O-O 18. f4 Bb8 19. Qh5 f5 20. Qe2 d4 21. exd4 Qxd4+ 22. Qe3 Qd7 23. Ne2 Rxc1 24. Rxc1 Rd8 25. Ng3 b5 26. Qb3+ Kh8 27. Qc3 Bxf4 28. Nf1 h6 29. Qc6 Bxd2 30. Qxd7 Rxd7 31. Rc6 e3 32. Ng3 e2 0-1

[Event "LTU-chT 2019"]
[Site "Lithuania"]
[Date "2019.03.30"]
[Round "4.20"]
[White "Dailidenas, Justas"]
[Black "Antanauskas, Julius"]
[Result "1-0"]
[ECO "C64"]
[WhiteElo "1658"]
[BlackElo "1180"]
[Annotator "NA"]
[PlyCount "59"]
[EventDate "2019.01.26"]
[EventType "team-tourn"]
[EventCountry "LTU"]
[SourceTitle "playchess.com"]
[Source "ChessBase"]
[SourceQuality "1"]
[TimeControl "40/5400+30:1800+30"]

1. e4 e5 2. Nf3 Nc6 3. Bb5 Bc5 4. O-O d6 5. d4 exd4 6. Nxd4 Bd7 7. Nxc6 Bxc6 8. Bxc6+ bxc6 9. Nc3 Ne7 10. Bf4 Ng6 11. Bg3 O-O 12. Qd3 Re8 13. Rad1 Ne5 14. Bxe5 Rxe5 15. Kh1 Qf6 16. f4 Ree8 17. Rde1 Qg6 18. Qa6 Bb6 19. Qc4 c5 20. Nd5 Rab8 21. f5 Qh6 22. f6 g6 23. Re3 c6 24. Ne7+ Rxe7 25. fxe7 d5 26. exd5 Qxe3 27. d6 Qe6 28. Qxe6 fxe6 29. d7 Kg7 30. e8=Q 1-0

[Event "LTU-chT 2019"]
[Site "Lithuania"]
[Date "2019.03.31"]
[Round "5.2"]
[White "Krivonosov, Oleg"]
[Black "Mickevicius, Juras"]
[Result "1-0"]
[ECO "A05"]
[WhiteElo "2398"]
[BlackElo "2273"]
[Annotator "NA"]
[PlyCount "119"]
[EventDate "2019.01.26"]
[EventType "team-tourn"]
[EventCountry "LTU"]
[SourceTitle "playchess.com"]
[Source "ChessBase"]
[SourceQuality "1"]
[TimeControl "40/5400+30:1800+30"]

1. Nf3 Nf6 2. c4 e6 3. g3 d5 4. d4 Bb4+ 5. Bd2 Be7 6. Bg2 O-O {[%emt 0:00:05] LiveBook: 3907 Games} 7. O-O c6 8. Qc2 Nbd7 9. Bf4 b6 10. Rd1 Bb7 11. Ne5 Nh5 12. Bd2 Nhf6 13. cxd5 cxd5 14. Nc6 Bxc6 15. Qxc6 Rc8 16. Qb5 Ne8 17. Qd3 Nd6 18. b3 Nf6 19. Nc3 Qd7 20. Rac1 Rfd8 21. e3 Rc7 22. Ne2 Rxc1 23. Rxc1 Rc8 24. Rxc8+ Qxc8 25. f3 Nde8 26. Bf1 h5 27. h3 Qc7 28. Qc3 Qd7 29. Be1 g5 30. g4 hxg4 31. hxg4 Nh7 32. Ng3 Nd6 33. Bd3 Nf6 34. Qd2 Qc6 35. a4 Bf8 36. Kf1 Bg7 37. Qc2 Qxc2 38. Bxc2 a5 39. Bd3 Bf8 40. Bd2 Nd7 41. e4 dxe4 42. Nxe4 f6 43. Nxd6 Bxd6 $16 44. Bb5 Nf8 45. Be8 e5 46. d5 Kg7 47. Be3 Bc7 48. Ke2 Ng6 49. Kd3 Nf4+ 50. Kc4 f5 51. d6 Bd8 52. gxf5 Kf6 53. Bxf4 exf4 54. Kd5 Kxf5 55. Bd7+ Kf6 56. Bg4 Kf7 57. Kc6 Bf6 58. Kb7 Be5 59. d7 Bf6 60. Kc8 1-0

[Event "LTU-chT 2019"]
[Site "Lithuania"]
[Date "2019.03.31"]
[Round "5.3"]
[White "Zickus, Simonas"]
[Black "Sakalauskas, Vaidas"]
[Result "1/2-1/2"]
[ECO "A05"]
[WhiteElo "2330"]
[BlackElo "2346"]
[Annotator "NA"]
[PlyCount "45"]
[EventDate "2019.01.26"]
[EventType "team-tourn"]
[EventCountry "LTU"]
[SourceTitle "playchess.com"]
[Source "ChessBase"]
[SourceQuality "1"]
[TimeControl "40/5400+30:1800+30"]

1. Nf3 Nf6 2. g3 g6 3. Bg2 Bg7 4. O-O d5 5. d4 O-O 6. c4 dxc4 7. Na3 Nc6 8. Nxc4 Be6 9. b3 a5 10. Bb2 Bd5 11. a4 Nb4 12. e3 Be4 {[%emt 0:04:26] D77: Fianchetto Grünfeld: 6 0-0: Replies other than 6...c6} (12... Ne4 13. Qe2 Nd6 14. Rfd1 c6 15. Ncd2 Ne4 16. Nc4 Qc7 17. Rdc1 Rfd8 18. Nfe5 Nd6 19. e4 Bxc4 20. bxc4 {0-1 (122) Georgiev,K (2636)-Safarli,E (2660) Khanty-Mansiysk 2013}) 13. Ne1 Bxg2 14. Kxg2 c6 15. Nd3 ({Predecessor:} 15. Ba3 b5 16. Ne5 bxa4 17. bxa4 Qd5+ 18. Qf3 {1-0 (48) Schreiner,P (2471)-Tuncer,U (2329) Austria 2013}) 15... Nxd3 16. Qxd3 Qc7 17. e4 Rfd8 18. Qe3 Nd7 19. Rac1 Nb6 20. Ne5 Nd7 21. Nc4 Nb6 $14 22. Ne5 Nd7 23. Nc4 1/2-1/2

[Event "LTU-chT 2019"]
[Site "Lithuania"]
[Date "2019.03.31"]
[Round "5.4"]
[White "Vedrickas, Tautvydas"]
[Black "Viskelis, Darius"]
[Result "1/2-1/2"]
[ECO "A06"]
[WhiteElo "2390"]
[BlackElo "2242"]
[Annotator "ChessBase"]
[PlyCount "123"]
[EventDate "2019.01.26"]
[EventType "team-tourn"]
[EventCountry "LTU"]
[SourceTitle "playchess.com"]
[Source "ChessBase"]
[SourceQuality "1"]
[TimeControl "40/5400+30:1800+30"]

1. Nf3 d5 2. c4 e6 3. e3 Nf6 4. b3 b6 5. Bb2 Bb7 6. Be2 Bd6 7. cxd5 Nxd5 8. Nc3 O-O 9. Qb1 a5 10. h4 Nxc3 11. Bxc3 Bb4 12. Ng5 g6 13. Qb2 Bxc3 14. Qxc3 h6 15. Bf3 Bxf3 16. Nxf3 c5 17. h5 g5 18. Ne5 Nd7 19. O-O Nxe5 20. Qxe5 Qd3 21. f4 Rad8 22. fxg5 Rd5 23. Qf4 Rxg5 24. Rf2 Qd5 25. Raf1 Qe5 26. Qxe5 Rxe5 27. g4 Re4 28. Rg2 f6 29. Rf4 Rb4 30. d4 cxd4 31. Rxd4 Rxd4 32. exd4 Rd8 33. Rd2 Kf7 34. Kf2 Ke7 35. Ke3 Rg8 36. Kf4 Kd6 37. Rc2 f5 38. gxf5 Rf8 39. Ke4 Rxf5 40. Rc8 Rxh5 41. Rd8+ Kc7 42. Re8 Rh2 43. a4 Rb2 44. Ke5 Rxb3 45. Re7+ Kd8 46. Rh7 Rb4 47. Rxh6 Rxa4 48. Rxe6 b5 49. Rh6 b4 50. Kd6 Ke8 51. Ke6 Kf8 52. Kf6 Kg8 53. Rg6+ Kh7 54. Rg7+ Kh6 55. Rg1 Kh5 56. d5 b3 57. d6 Rd4 58. Rg5+ Kh4 59. Rxa5 Rxd6+ 60. Ke5 Rg6 61. Kd4 Rb6 62. Ra1 1/2-1/2

[Event "LTU-chT 2019"]
[Site "Lithuania"]
[Date "2019.03.31"]
[Round "5.5"]
[White "Bastys, Robertas"]
[Black "Brazdzionis, Andrius"]
[Result "1/2-1/2"]
[ECO "A05"]
[WhiteElo "2227"]
[BlackElo "2311"]
[Annotator "NA"]
[PlyCount "33"]
[EventDate "2019.01.26"]
[EventType "team-tourn"]
[EventCountry "LTU"]
[SourceTitle "playchess.com"]
[Source "ChessBase"]
[SourceQuality "1"]
[TimeControl "40/5400+30:1800+30"]

1. Nf3 Nf6 2. g3 d5 3. Bg2 e6 4. O-O b5 5. d4 Bb7 6. Nc3 b4 7. Na4 Nbd7 8. Bg5 c5 9. c3 bxc3 10. Nxc3 $11 Be7 11. dxc5 Nxc5 12. Rc1 O-O 13. b4 Nce4 14. Nxe4 Nxe4 15. Bxe7 Qxe7 16. Qd4 f6 17. Nd2 1/2-1/2

[Event "LTU-chT 2019"]
[Site "Lithuania"]
[Date "2019.03.31"]
[Round "5.8"]
[White "Vardanyan, Aras"]
[Black "Tvarijonas, Tomas"]
[Result "1-0"]
[ECO "D52"]
[WhiteElo "1916"]
[BlackElo "2248"]
[Annotator "NA"]
[PlyCount "105"]
[EventDate "2019.01.26"]
[EventType "team-tourn"]
[EventCountry "LTU"]
[SourceTitle "playchess.com"]
[Source "ChessBase"]
[SourceQuality "1"]
[TimeControl "40/5400+30:1800+30"]

1. d4 Nf6 2. c4 e6 3. Nf3 d5 4. Nc3 c6 5. Bg5 Nbd7 6. e3 {[%emt 0:01:22] LiveBook: 2363 Games} Qa5 7. cxd5 exd5 8. Nd2 Bd6 9. Bd3 {[%emt 0:04:46] D52: Queen's Gambit Declined: Cambridge Springs Variation} O-O 10. Bh4 (10. O-O Qc7 11. Nf3 Re8 12. Rc1 Qb8 13. Qc2 h6 14. Bh4 Ng4 15. h3 Ngf6 16. e4 dxe4 17. Bxe4 Nxe4 18. Nxe4 Nf8 19. Nxd6 Qxd6 {1-0 (45) Tomashevsky,E (2758)-Nguyen,N (2634) Baku 2015}) 10... Re8 11. Qc2 h6 12. Bf5 $146 ({Predecessor:} 12. a3 Qd8 13. O-O Nf8 14. Kh1 g5 15. Bg3 Bxg3 16. hxg3 Bg4 {½-½ (71) Munoz Moreno,F (2562)-Vassiliev,I (2332) ICCF email 2012}) 12... b5 13. O-O Qc7 14. Bg3 Bxg3 15. hxg3 Nf8 16. Bd3 Qd6 17. Rac1 Bd7 18. Nf3 Re7 19. Ne2 Ng4 20. Bf5 Rc8 21. Nf4 g6 22. Bxg4 Bxg4 23. Ne5 Rxe5 24. dxe5 Qxe5 25. b4 Nd7 26. a4 a6 27. axb5 axb5 {[%emt 0:00:04] [#]} 28. Qa2 $16 ({Better is} 28. Nxg6 $1 $18 fxg6 29. Qxg6+ Qg7 30. Rxc6) 28... Nb6 29. Qa1 Qg5 30. Qd4 Nc4 31. Ra1 h5 32. Ra7 Qe5 33. Qc5 Nd2 34. Re1 g5 35. Nd3 Qf5 36. Qe7 Ne4 37. Qe5 Nxg3 38. Qxg3 Qxd3 39. f3 Bf5 40. Qxg5+ Bg6 41. Rea1 Qc3 42. Ra8 Rxa8 43. Rxa8+ Kg7 44. Qe7 Kh7 45. Kh2 Qg7 46. Rd8 Bd3 47. Rd7 Bf5 48. Rd6 Be6 49. Qh4 Qe5+ 50. Qf4 Qc3 51. Qd4 Qc4 52. Qf6 c5 53. Rd8 1-0

[Event "LTU-chT 2019"]
[Site "Lithuania"]
[Date "2019.03.31"]
[Round "5.9"]
[White "Bieliauskas, Marius"]
[Black "Vaitkevicius, Paulius"]
[Result "1-0"]
[ECO "D55"]
[WhiteElo "2183"]
[BlackElo "1967"]
[Annotator "NA"]
[PlyCount "61"]
[EventDate "2019.01.26"]
[EventType "team-tourn"]
[EventCountry "LTU"]
[SourceTitle "playchess.com"]
[Source "ChessBase"]
[SourceQuality "1"]
[TimeControl "40/5400+30:1800+30"]

1. d4 d5 2. Nf3 Nf6 3. c4 e6 4. Nc3 Be7 {[%emt 0:00:51] LiveBook: 20258 Games} 5. Bg5 O-O 6. e3 c6 7. Qc2 h6 8. Bh4 Nbd7 9. cxd5 exd5 10. Bd3 Nh5 11. Bxe7 Qxe7 12. O-O Nhf6 13. Rab1 $11 Rd8 14. b4 a6 15. a4 a5 16. b5 c5 17. Rfe1 Nb6 18. Ne5 Be6 19. f4 Rac8 20. Bf1 cxd4 21. exd4 Ne4 22. Re3 Rc7 23. Qb2 Rxc3 24. Rxc3 Nxa4 25. Qa3 Qf6 26. Rc2 Qxf4 27. Qxa4 Qe3+ 28. Kh1 Rc8 29. Rxc8+ Bxc8 30. Nd3 Nd2 31. Re1 1-0